 Dungeon Crawl Stone Soup version 0.26.1-11-gd32895ea62 (webtiles) character file.

Game seed: 14238633450748917984

558 Elvor the Grasshopper (level 7, -1/56 HPs)
             Began as a Gnoll Warper on July 2, 2021.
             Killed by nerve-wracking pain
             ... invoked by Menkaure
              (11 damage)
             ... on level 4 of the Dungeon.
             The game lasted 00:34:46 (4229 turns).

Elvor the Grasshopper (Gnoll Warper)                Turns: 4229, Time: 00:34:47

Health: -1/56      AC:  5    Str: 16    XL:     7   Next: 31%
Magic:  14/15      EV: 14    Int: 15    God:
Gold:   277        SH:  4    Dex: 14    Spells: 11/17 levels left

rFire    . . .     SeeInvis +   a - +0 mace
rCold    . . .     Faith    .   v - +0 buckler (curse)
rNeg     . . .     Spirit   .   b - +0 leather armour
rPois    .         Reflect  .   z - +1 helmet {SInv}
rElec    .         Harm     .   (no cloak)
rCorr    .         Rampage  .   (no gloves)
Will     .....                  (no boots)
Stlth    ++........             (no amulet)
HPRegen  0.18/turn              (no ring)
MPRegen  0.14/turn              (no ring)

@: no status effects
A: distributed training, fangs 1, strong nose
a: no special abilities


You were on level 4 of the Dungeon.
You visited 1 branch of the dungeon, and saw 4 of its levels.

You collected 277 gold pieces.

Inventory:

Hand Weapons
 a - a +0 mace (weapon)
Missiles
 c - 43 stones
 e - 2 boomerangs of dispersal (quivered)
 u - 12 boomerangs
 x - 23 poisoned darts
Armour
 b - a +0 leather armour (worn)
 l - a cursed +0 chain mail
 v - a cursed +0 buckler (worn)
 z - a +1 helmet of see invisible (worn)
Magical Staves
 p - an uncursed staff of air
Wands
 o - a wand of polymorph (2)
Scrolls
 d - a scroll of blinking
 h - a scroll of random uselessness {unknown}
 j - 3 scrolls of enchant armour
 m - 2 scrolls of identify {unknown}
 n - 4 scrolls of remove curse {unknown}
 q - 2 scrolls of fear {unknown}
 r - a scroll of fog {unknown}
 t - 2 scrolls of magic mapping {unknown}
 y - 2 scrolls of teleportation {unknown}
Potions
 f - a potion of ambrosia {unknown}
 g - a potion of lignification {unknown}
 i - a potion of cancellation {unknown}
 k - 2 potions of resistance {unknown}
 s - 3 potions of heal wounds {unknown}
 w - a potion of might {unknown}


   Skills:
 + Level 5.2 Fighting
 + Level 2.4 Short Blades
 + Level 2.4 Long Blades
 + Level 2.4 Axes
 + Level 5.2 Maces & Flails
 + Level 2.4 Polearms
 + Level 2.4 Staves
 + Level 2.4 Slings
 + Level 2.4 Bows
 + Level 2.4 Crossbows
 + Level 3.5 Throwing
 + Level 3.5 Armour
 + Level 5.2 Dodging
 + Level 2.4 Stealth
 + Level 2.4 Shields
 + Level 2.4 Unarmed Combat
 + Level 5.6 Spellcasting
 + Level 2.0 Conjurations
 + Level 2.0 Hexes
 + Level 2.0 Summonings
 + Level 2.0 Necromancy
 + Level 5.8 Translocations
 + Level 2.0 Transmutations
 + Level 2.0 Fire Magic
 + Level 2.0 Ice Magic
 + Level 2.0 Air Magic
 + Level 2.0 Earth Magic
 + Level 2.0 Poison Magic
 + Level 2.6 Invocations
 + Level 2.4 Evocations


You had 11 spell levels left.
You knew the following spells:

 Your Spells              Type           Power        Failure   Level
a - Blink                 Tloc           N/A          3%          2
b - Passage of Golubria   Tloc           N/A          21%         4

Your spell library contained the following spells:

 Spells                   Type           Power        Failure   Level
 Gell's Gravitas          Tloc           10%          6%          3
 Lesser Beckoning         Tloc           10%          6%          3
 Teleport Other           Tloc           21%          6%          3


Dungeon Overview and Level Annotations

Branches:
Dungeon (4/15)
 Temple: D:4-7

Altars:
Makhleb
Xom
Zin

Shops:
D:4 =

Annotations:
D:4 Menkaure


Innate Abilities, Weirdness & Mutations

Your experience applies equally to all skills.
You have very sharp teeth.
Your uncanny sense of smell can sniff out nearby items.


Message History

The boomerang of dispersal hits Menkaure.
Menkaure blinks!
Menkaure is moderately damaged.
Casting: Blink (safe; 3% risk of failure)
Confirm with . or Enter, or press ? or * to list all spells.
You blink.
A ball python comes into view.
Menkaure calls on the powers of darkness!
Your body is wracked with pain!
* * * LOW HITPOINT WARNING * * *
Menkaure points at you and mumbles some strange words.
Pain shoots through your body!
* * * LOW HITPOINT WARNING * * *
You see here a poisoned dart.
Menkaure gestures wildly while chanting.
Menkaure seems to speed up.
A worker ant comes into view.
Menkaure casts a spell at you. Pain shoots through your body!
You die...

#.####.#........................$
.....)...........................
#.####...........................
#.# #....)...................$..
#.# #.................. #.#
#.................. ..#
#..................
######..................
.....#..........@.......
#....#..................
.....#......(...........
.....#............<.....
.....#..................
.###.#....SM............
......................B.
.##.####................ .##
...................


You could see Menkaure (fast), a worker ant (asleep) and a ball python
(wandering).

Vanquished Creatures
  A phantom (D:4)
  An ogre (D:4)
  A water moccasin skeleton (D:4)
  2 orc priests
  Jessica (D:2)
  A bullfrog skeleton (D:2)
  An iguana (D:4)
  2 worker ants
  Robin (D:4)
  4 adders
  3 worms (D:2)
  A dart slug (D:1)
  2 leopard geckos
  12 orcs
  3 giant cockroaches
  18 goblins
  5 hobgoblins
  10 jackals
  2 quokkas (D:2)
  A ball python (D:2)
  5 bats
  3 frilled lizards
  3 kobolds
  6 rats
89 creatures vanquished.

Notes
Turn   | Place    | Note
-------+----------+-------------------------------------------
     0 | D:1      | Elvor the Gnoll Warper began the quest for the Orb.
     0 | D:1      | Reached XP level 1. HP: 20/20 MP: 6/6
   390 | D:1      | Reached XP level 2. HP: 21/26 MP: 7/7
   398 | D:1      | Learned a level 2 spell: Blink
  1008 | D:2      | Reached XP level 3. HP: 26/31 MP: 9/9
  1035 | D:2      | Reached skill level 5 in Spellcasting
  1051 | D:2      | Reached skill level 1 in Invocations
  1423 | D:2      | Reached skill level 1 in Short Blades
  1423 | D:2      | Reached skill level 1 in Long Blades
  1423 | D:2      | Reached skill level 1 in Axes
  1423 | D:2      | Reached skill level 1 in Polearms
  1423 | D:2      | Reached skill level 1 in Staves
  1423 | D:2      | Reached skill level 1 in Slings
  1423 | D:2      | Reached skill level 1 in Bows
  1423 | D:2      | Reached skill level 1 in Crossbows
  1423 | D:2      | Reached skill level 1 in Stealth
  1423 | D:2      | Reached skill level 1 in Shields
  1423 | D:2      | Reached skill level 1 in Unarmed Combat
  1423 | D:2      | Reached skill level 1 in Evocations
  1452 | D:2      | Noticed Terence
  1632 | D:2      | Noticed Jessica
  1661 | D:2      | Killed Jessica
  1662 | D:2      | Reached XP level 4. HP: 22/38 MP: 11/11
  1815 | D:2      | Reached skill level 1 in Conjurations
  1815 | D:2      | Reached skill level 1 in Hexes
  1815 | D:2      | Reached skill level 1 in Summonings
  1815 | D:2      | Reached skill level 1 in Necromancy
  1815 | D:2      | Reached skill level 1 in Transmutations
  1815 | D:2      | Reached skill level 1 in Fire Magic
  1815 | D:2      | Reached skill level 1 in Ice Magic
  1815 | D:2      | Reached skill level 1 in Air Magic
  1815 | D:2      | Reached skill level 1 in Earth Magic
  1815 | D:2      | Reached skill level 1 in Poison Magic
  2034 | D:2      | Reached XP level 5. HP: 43/43 MP: 12/12
  2201 | D:1      | Noticed Terence
  2201 | D:1      | Terence changed into Terence the kobold
  2206 | D:1      | Killed Terence the kobold
  2588 | D:3      | Found a shimmering altar of Xom.
  3206 | D:4      | Reached XP level 6. HP: 26/50 MP: 13/13
  3242 | D:4      | Noticed Robin
  3332 | D:4      | Found Kuegeckunn's Jewellery Boutique.
  3346 | D:4      | Learned a level 4 spell: Passage of Golubria
  3573 | D:4      | Killed Robin
  3574 | D:4      | Reached skill level 5 in Fighting
  3574 | D:4      | Reached skill level 5 in Maces & Flails
  3574 | D:4      | Reached skill level 5 in Dodging
  3807 | D:4      | Noticed a phantom
  3897 | D:4      | Found a burning altar of Makhleb.
  3899 | D:4      | Noticed a balrug
  3900 | D:4      | Found a glowing silver altar of Zin.
  3901 | D:4      | Noticed an angel
  4048 | D:4      | Reached XP level 7. HP: 56/56 MP: 15/15
  4106 | D:4      | Noticed Menkaure
  4229 | D:4      | Killed from afar by Menkaure

Illustrated notes

Levels and vault maps discovered:
D:1:      psy_arrival_spokes, layout_basic
D:2:      layout_basic, kennysheep_doodads, uniq_terence, uniq_jessica
D:3:      layout_loops_ring, tgw_xom
D:4:      cheibrodos_thug_alley, layout_basic,
          grunt_temple_overflow_order_and_chaos_2, serial_shops, shop,
          lightli_corner_chamber, uniq_menkaure, uniq_robin

Skill      XL: |  1  2  3  4  5  6  7 |
---------------+----------------------+-----
Spellcasting   | 5 |  5.6
Invocations    | 1 2 |  2.6
Short Blades   | 1 2 |  2.4
Long Blades    | 1 2 |  2.4
Axes           | 1 2 |  2.4
Polearms       | 1 2 |  2.4
Staves         | 1 2 |  2.4
Slings         | 1 2 |  2.4
Bows           | 1 2 |  2.4
Crossbows      | 1 2 |  2.4
Stealth        | 1 2 |  2.4
Shields        | 1 2 |  2.4
Unarmed Combat | 1 2 |  2.4
Evocations     | 1 2 |  2.4
Conjurations   | 1 2 |  2.0
Hexes          | 1 2 |  2.0
Summonings     | 1 2 |  2.0
Necromancy     | 1 2 |  2.0
Transmutations | 1 2 |  2.0
Fire Magic     | 1 2 |  2.0
Ice Magic      | 1 2 |  2.0
Air Magic      | 1 2 |  2.0
Earth Magic    | 1 2 |  2.0
Poison Magic   | 1 2 |  2.0
Throwing       | 3 |  3.5
Armour         | 3 |  3.5
Fighting       | 5 |  5.2
Maces & Flails | 5 |  5.2
Dodging        | 5 |  5.2
Translocations | |  5.8

Action                   |  1- 3 |  4- 6 |  7- 9 || total
-------------------------+-------+-------+-------++-------
Melee: Mace              |   122 |   217 |    38 ||   377
       Bite              |     6 |    30 |     9 ||    45
Throw: Stone             |    50 |    36 |       ||    86
       Dart              |       |     8 |     1 ||     9
       Boomerang         |       |       |    13 ||    13
 Cast: Blink             |     5 |       |     1 ||     6
Evoke: Wand              |       |     1 |       ||     1
  Use: Scroll            |       |     1 |       ||     1
 Stab: Sleeping          |     1 |     1 |       ||     2
Armor: Leather armour    |    17 |    40 |     5 ||    62
Dodge: Dodged            |   112 |   154 |    22 ||   288
Block: Buckler           |       |    18 |     8 ||    26
